 Dungeon Crawl Stone Soup version 0.22-a0-351-g29664b4 (webtiles) character file.

533645 4thArraOfDagon the Pyromancer (level 25, 0/144 HPs)
             Began as an Octopode Fire Elementalist on Apr 11, 2018.
             Was the Champion of Vehumet.
             Killed from afar by a titan (43 damage)
             ... with a bolt of lightning
             ... on level 5 of the Vaults on Apr 12, 2018.
             The game lasted 03:43:25 (33905 turns).

4thArraOfDagon the Pyromancer (OpFE)               Turns: 33905, Time: 03:43:25

Health: 0/144      AC:  8    Str:  8    XL:     25   Next: 73%
Magic:  24/79      EV: 20    Int: 28    God:    Vehumet [******]
Gold:   1776       SH: 15    Dex: 14    Spells: 18/62 levels left

rFire    + + +     SeeInvis +   O - staff of power {!a}
rCold    . . .     Gourm    +   z - +2 shield of Resistance {rF+ rC+ MR+}
rNeg     + + +     Faith    .   y - +0 hat {MR+}
rPois    .         Spirit   .   p - amulet of the gourmand
rElec    .         Reflect  .   Z - ring "Nemorous" {*Drain rF+++ rN+++ AC+1 Str-3}
rCorr    .         Harm     .   f - ring of magical power
MR       ++++.                  e - ring of wizardry
Stlth    +++.......             P - ring of magical power
HPRegen  0.34/turn              x - +4 ring of intelligence
MPRegen  0.46/turn              X - ring of fire
                                R - ring of Baij {AC+4 Str+2 Slay+4 SInv}
                                t - +4 ring of evasion

@: studying Invocations
A: almost no armour, stealthy swim, amphibious, 8 rings, constrict 8, thin
metallic scales 1, camouflage 1, dopey 1, magic resistance 1, gelatinous body 1
}: 3/15 runes: decaying, serpentine, slimy
a: Renounce Religion


You were on level 5 of the Vaults.
You worshipped Vehumet.
Vehumet was exalted by your worship.
You were not hungry.

You visited 9 branches of the dungeon, and saw 49 of its levels.
You visited 1 bazaar.
You also visited: Labyrinth, Ossuary, Ice Cave and Wizlab.

You collected 5345 gold pieces.
You spent 3569 gold pieces at shops.

Inventory:

Missiles
 m - 2 throwing nets (quivered)
Armour
 y - a +0 hat of magic resistance (worn)
 z - the +2 shield of Resistance (worn) {rF+ rC+ MR+}
   (You found it on level 9 of the Dungeon)

   It protects you from fire.
   It protects you from cold.
   It affects your resistance to hostile enchantments.
Magical Staves
 h - an uncursed staff of conjuration {!a}
 O - an uncursed staff of power (weapon) {!a}
Jewellery
 e - a ring of wizardry (on tentacle)
 f - a ring of magical power (right tentacle)
 p - an amulet of the gourmand (around mantle)
 s - an uncursed ring of protection from cold
 t - a +4 ring of evasion (on tentacle)
 x - a +4 ring of intelligence (on tentacle)
 P - a ring of magical power (on tentacle)
 Q - an uncursed amulet of magic regeneration
 R - the ring of Baij (on tentacle) {AC+4 Str+2 Slay+4 SInv}
   (You found it in a labyrinth)

   [ring of protection]

   It affects your AC (+4).
   It affects your strength (+2).
   It affects your accuracy and damage with ranged weapons and melee attacks
   (+4).
   It lets you see invisible.
 X - a ring of fire (on tentacle)
 Z - the ring "Nemorous" (left tentacle) {*Drain rF+++ rN+++ AC+1 Str-3}
   (You found it on level 5 of the Pits of Slime)

   [ring of protection]

   It affects your AC (+1).
   It affects your strength (-3).
   It renders you almost immune to fire.
   It renders you almost immune to negative energy.
   It causes draining when unequipped.
Wands
 d - a wand of digging (6)
 g - a wand of clouds (5)
 w - a wand of scattershot (8)
 N - a wand of paralysis (17)
 U - a wand of iceblast (17)
 W - a wand of acid (16)
Scrolls
 k - 8 scrolls of teleportation
 l - 10 scrolls of fog
 n - 20 scrolls of remove curse
 u - 3 scrolls of amnesia
 C - a scroll of fear
 E - a scroll of blinking
 I - 3 scrolls of holy word
 K - 8 scrolls of immolation
 T - 4 scrolls of identify
Potions
 i - 4 potions of magic
 j - 13 potions of curing
 o - 4 potions of mutation
 r - 6 potions of flight
 v - 5 potions of haste
 B - 8 potions of brilliance
 D - 5 potions of might
 F - 2 potions of invisibility
 G - 6 potions of lignification
 J - a potion of ambrosia
 L - a potion of berserk rage
 M - 5 potions of heal wounds
 V - 2 potions of resistance
 Y - 3 potions of agility
Books
 c - a manual of Invocations
Miscellaneous
 a - 4 boxes of beasts
 q - a phial of floods
 A - 3 sacks of spiders
 H - a lamp of fire
 S - 2 phantom mirrors
Comestibles
 b - 31 rations


   Skills:
 - Level 5.0 Fighting
 - Level 6.1 Dodging
 - Level 2.6 Stealth
 - Level 15.0 Shields
 + Level 19.3 Spellcasting
 - Level 21.0 Conjurations
 - Level 9.4 Transmutations
 - Level 21.0 Fire Magic
 * Level 13.3 Ice Magic
 - Level 9.9 Earth Magic


You had 18 spell levels left.
You knew the following spells:

 Your Spells              Type           Power        Failure   Level  Hunger
a - Glaciate              Conj/Ice       #######...   11%         9    #######
b - Fire Storm            Conj/Fire      ########..   2%          9    #######
d - Fireball              Conj/Fire      ########..   0%          5    None
e - Lee's Rapid Deconstr  Erth           ######....   1%          5    None
f - Bolt of Fire          Conj/Fire      ########..   1%          6    #......
g - Apportation           Tloc           ####..       1%          1    None
h - Statue Form           Tmut/Erth      ######...    1%          6    #......
i - Regeneration          Chrm/Necr      ####......   1%          3    None


Dungeon Overview and Level Annotations

Branches:
Dungeon (15/15)            Temple (0/1) D:7            Lair (6/6) D:8
  Swamp (4/4) Lair:4        Snake (4/4) Lair:4        Slime (5/5) Lair:6
    Orc (2/2) D:11            Elf (3/3) Orc:2        Vaults (5/5) D:14
 Depths (5/5) D:15
  Crypt: Vaults:2-3     Zot: Depths:5

Altars:
Ashenzari
Cheibriados
Dithmenos
Fedhas
Gozag
Makhleb
Okawaru
Qazlal
Sif Muna
Uskayaw
Vehumet
Wu Jian
Yredelemnul
Beogh
Jiyva

Shops:
D:11 }   D:15 }   Orc:2 :([*   Elf:2 *   Elf:3 :%   Snake:1 ?   Snake:2 %(

Portals:
Hell: Depths:1 Depths:2 Depths:3 Depths:4
Abyss: Depths:2 Depths:4 Depths:5
Pandemonium: Depths:3
Ziggurat: Depths:2

Annotations:
D:9 1 runed door
D:12 Rupert
Slime:3 exclusion: upstairs
Orc:2 Saint Roka
Elf:1 exclusion: door
Depths:5 exclusion: upstairs


Innate Abilities, Weirdness & Mutations

You cannot wear most types of armour.
You are very stealthy in the water. (Stealth+)
You are amphibious.
You can wear up to eight rings at the same time.
You can use your tentacles to constrict eight enemies at once.
Your skin changes colour to match your surroundings (Stealth+).
Your rubbery body absorbs attacks. (AC +1, EV +1)
You are partially covered in thin metallic scales. (AC +2)
You are dopey. (Int -2)
You are resistant to hostile enchantments. (MR+)


Message History

Unknown command.
Something hits your fire vortex!!
Your fire vortex hits something.
Your fire vortex burns something!
Your fire vortex dissipates!
Unknown command.
Your magical contamination has completely faded away.
Unknown command.
Unknown command.
Unknown command.
You eat one of the 32 rations.
That ration really hit the spot!
A vault sentinel comes into view. It is wielding a long sword.
Items here: ( )) [ †† Unknown command.
Unknown command.
Unknown command.
A titan comes into view.
The titan shouts!
The titan casts a spell at you. The bolt of lightning hits you!
You die...

#......
#...p.
#....
#...
#..#
#.)#
#..#
#..#
#.@#
#..#
#..#
#..#
#..#
#..#
#.9# #.
#C.# #.
#).#
##.


You could see a titan and a war gargoyle.

Vanquished Creatures
  Dissolution (Slime:4)
  the Royal Jelly (Slime:5)
  2 ancient liches
  the Lernaean hydra (Swamp:4)
  Bai Suzhen (Snake:4)
  Frederick (Depths:3)
  Margery (Depths:3)
  Nikola (Swamp:4)
  A bone dragon (Depths:5)
  The ghost of Fingolfin the Warrior, an adept TrFi of Okawaru (Vaults:3)
  3 liches (Depths:4)
  2 deep elf master archers (Elf:3)
  2 deep elf blademasters (Elf:3)
  A quicksilver dragon (Vaults:5)
  7 titans
  17 acid blobs
  A storm dragon (Vaults:5)
  2 thorn hunters (Swamp:4)
  An ancient champion (WizLab)
  Kirke (Swamp:4)
  2 shadow dragons
  Donald (Swamp:4)
  4 tengu reavers
  15 azure jellies
  11 nagarajas
  3 frost giants
  10 fire giants
  12 vault wardens
  An orc warlord (Orc:2)
  5 deep elf sorcerers
  Louise (Elf:1)
  21 very ugly things
  7 deep elf elementalists (Elf:3)
  23 stone giants
  2 war gargoyles
  10 ironheart preservers
  3 deep elf annihilators
  A vampire knight (Depths:5)
  A green draconian (Depths:5)
  5 deep elf demonologists
  A minotaur (Lab)
  2 white draconians (Depths:5)
  13 spark wasps
  A yellow draconian (Depths:5)
  Snorg (D:14)
  12 ettins
  A spark wasp (shapeshifter) (Elf:2)
  Josephine (Swamp:1)
  4 deep elf death magi (Elf:3)
  5 death oozes
  3 merfolk impalers (Depths:5)
  9 fire dragons
  5 deep elf high priests
  11 great orbs of eyes
  Fannar (Orc:1)
  A rakshasa (Depths:4)
  7 yaktaur captains
  11 ice dragons
  14 naga warriors
  4 spriggan air magi
  19 vault guards
  17 hydras
  A merfolk avatar (Lair:6)
  Erica (D:9)
  A catoblepas (Lair:6)
  A death knight (Vaults:4)
  9 alligators
  5 anacondas
  8 centaur warriors
  17 ogre magi
  2 ghost crabs
  46 two-headed ogres
  3 hell hogs (Depths:4)
  6 tengu warriors
  9 deep troll shamans
  2 orc high priests (Depths:1)
  4 death yaks (Depths:3)
  3 spriggan berserkers
  8 dancing weapons
  4 deep troll earth magi
  15 hell knights
  6 spriggans
  7 shock serpents
  15 naga sharpshooters
  5 iron trolls
  2 shadow wraiths
  2 fire crabs (shapeshifter)
  12 deep elf knights
  2 salamander mystics
  A sea snake (shapeshifter) (Vaults:4)
  10 skeletal warriors
  3 wizards
  2 glowing orange brains
  28 deep trolls
  An unseen horror (D:14)
  An unseen horror (shapeshifter) (Depths:1)
  A flayed ghost (Vaults:3)
  A spriggan druid (Elf:3)
  2 shadow demons (Depths:1)
  8 swamp dragons
  11 naga ritualists
  15 deep elf archers
  8 orc knights
  A tengu zombie (Vaults:4)
  2 shambling mangroves (Swamp:3)
  3 phantasmal warriors
  Pikel (D:9)
  7 harpies
  An orb spider (shapeshifter) (Depths:1)
  12 ironbrand convokers
  12 mana vipers
  3 necromancers
  2 mana vipers (shapeshifter)
  2 orc sorcerers
  6 wolf spiders
  48 deep elf magi
  15 cyclopes
  43 ugly things
  3 manticores
  6 shining eyes
  A stone giant zombie (Vaults:4)
  2 elephants (Lair:6)
  14 salamanders
  52 black mambas
  2 ice statues (IceCv)
  4 guardian serpents
  8 vault sentinels
  29 naga magi
  3 rime drakes (Lair:6)
  11 spiny frogs
  40 yaktaurs
  8 freezing wraiths
  3 tengu conjurers
  9 komodo dragons
  7 kobold demonologists
  A merfolk (shapeshifter) (Depths:4)
  5 trolls
  A wind drake (shapeshifter) (Depths:3)
  A meliai (shapeshifter) (Depths:1)
  13 polar bears
  13 bog bodies
  7 tyrant leeches
  13 hornets
  2 blink frogs (shapeshifter)
  A hippogriff (shapeshifter) (Vaults:2)
  11 blink frogs
  A raiju (shapeshifter) (Vaults:4)
  106 slime creatures
  A dream sheep (shapeshifter) (Depths:3)
  15 hippogriffs
  Grinder (D:3)
  7 dream sheep (Lair:4)
  3 human simulacra (Vaults:4)
  A shadow (D:14)
  14 water elementals
  A redback (shapeshifter) (Vaults:3)
  7 air elementals
  2 basilisks
  7 wraiths
  17 humans
  A yak (shapeshifter) (Vaults:3)
  4 vampires (WizLab)
  A hog (shapeshifter) (Elf:3)
  A fire elemental (Lair:4)
  2 hogs (Swamp:4)
  3 wyverns
  A hungry ghost (D:12)
  6 golden eyes (Slime:4)
  60 yaks
  Edmund (D:6)
  18 vampire mosquitoes
  Menkaure (D:4)
  A neqoxec (Depths:3)
  4 wargs
  63 nagas
  A yaktaur simulacrum (Vaults:3)
  A soldier ant (D:14)
  6 insubstantial wisps (Swamp:2)
  15 swamp worms
  A two-headed ogre zombie (WizLab)
  2 acid dragons (D:14)
  12 water moccasins
  14 porcupines
  11 hell hounds
  7 sky beasts
  15 swamp drakes
  10 ice beasts
  2 necrophages
  4 phantoms
  A slave (D:9)
  A black bear (D:11)
  A hornet zombie (D:13)
  A human zombie (Vaults:1)
  34 orc warriors
  31 ogres
  2 eyes of draining
  17 boggarts
  18 wolves
  8 centaurs
  An orc skeleton (Vaults:1)
  12 crocodiles
  5 big kobolds
  13 bullfrogs
  2 water moccasin zombies (Ossuary)
  3 earth elementals
  6 scorpions
  5 troll zombies (WizLab)
  9 wights
  3 electric eels
  A howler monkey (D:12)
  4 bullfrog zombies
  2 crimson imps
  3 jellies
  A centaur zombie (D:10)
  9 hounds
  25 orc priests
  4 centaur skeletons
  3 bullfrog skeletons
  30 orc wizards
  Ijyb (D:3)
  An iguana (D:10)
  11 worker ants
  2 big kobold zombies (Ossuary)
  6 ogre zombies (WizLab)
  3 mummies
  Robin (D:3)
  2 worker ant zombies (D:10)
  3 gnolls (D:6)
  18 adders
  2 shadow imps (D:14)
  A white imp (Vaults:4)
  5 oozes (Lair:6)
  6 adder zombies
  A worm (D:5)
  3 dart slugs
  2 leopard geckos
  101 orcs
  2 ball pythons (Lair:4)
  9 bats
  6 giant cockroaches
  2 gnoll zombies (Ossuary)
  18 goblins
  3 hobgoblins
  7 jackals
  6 quokkas
  7 frilled lizards
  8 hobgoblin zombies (Ossuary)
  17 kobolds
  3 kobold zombies (Ossuary)
  A leopard gecko skeleton (D:5)
  A leopard gecko zombie (D:8)
  5 orc zombies (Ossuary)
  A quokka skeleton (D:9)
  3 rats
  A butterfly (Lair:2)
  3 fire vortices
  6 plants
2029 creatures vanquished.

Vanquished Creatures (collateral kills)
  A tengu reaver (Depths:3)
  A sphinx (Vaults:4)
  2 vault wardens (Vaults:4)
  A frost giant (Depths:2)
  3 ironheart preservers
  4 very ugly things
  Nessos (Orc:2)
  3 vault guards (Vaults:5)
  A death yak (Depths:3)
  An iron troll (Depths:2)
  A harpy (Vaults:3)
  A cyclops (Depths:3)
  An orc knight (Vaults:3)
  An ugly thing (Vaults:3)
  A water elemental (Depths:5)
  A golden eye (shapeshifter) (Vaults:3)
  A chaos spawn (Depths:3)
  An orc warrior (Vaults:3)
  A boggart (Depths:4)
  An elf skeleton (Vaults:1)
  A troll zombie (WizLab)
  A wight (WizLab)
  An orc priest (Vaults:2)
  An ogre zombie (WizLab)
  An orc (Orc:2)
33 creatures vanquished.

Vanquished Creatures (others)
  A war gargoyle (Vaults:5)
  A two-headed ogre (Orc:2)
  3 slaves (D:9)
  A boggart (Depths:1)
  336 fire vortices
  12 fungi
  30 plants
384 creatures vanquished.

Grand Total: 2446 creatures vanquished

Notes
Turn   | Place    | Note
-------+----------+-------------------------------------------
     0 | D:1      | 4thArraOfDagon the Octopode Fire Elementalist began the quest for the Orb.
     0 | D:1      | Reached XP level 1. HP: 11/11 MP: 3/3
   239 | D:1      | Reached XP level 2. HP: 17/17 MP: 5/5
   617 | D:2      | Reached XP level 3. HP: 21/21 MP: 6/6
   622 | D:2      | Learned a level 3 spell: Conjure Flame
  1012 | D:3      | Noticed Ijyb
  1028 | D:3      | Killed Ijyb
  1028 | D:3      | Reached XP level 4. HP: 27/27 MP: 7/7
  1057 | D:3      | Learned a level 4 spell: Sticky Flame
  1279 | D:3      | Reached XP level 5. HP: 25/31 MP: 9/9
  1470 | D:3      | You fall through a shaft for 3 floors!
  1497 | D:6      | Noticed a phantom
  1500 | D:6      | Noticed an ogre
  1511 | D:6      | Noticed Edmund
  1526 | D:6      | Reached XP level 6. HP: 12/36 MP: 7/10
  1549 | D:5      | Entered Level 5 of the Dungeon
  1676 | D:4      | Found an opulent altar of Gozag.
  1680 | D:4      | Found a radiant altar of Vehumet.
  1693 | D:4      | Reached skill level 5 in Fire Magic
  1709 | D:4      | Found a shadowy altar of Dithmenos.
  1710 | D:4      | Found a shattered altar of Ashenzari.
  1710 | D:4      | Found an ornate altar of the Wu Jian Council.
  1710 | D:4      | Found a hide-covered altar of Uskayaw.
  1712 | D:4      | Found a stormy altar of Qazlal.
  1713 | D:4      | Found a burning altar of Makhleb.
  1716 | D:4      | Found a basalt altar of Yredelemnul.
  1725 | D:4      | Became a worshipper of Vehumet
  1815 | D:6      | Found a sand-covered staircase.
  1820 | Ossuary  | Entered an ossuary
  1845 | Ossuary  | Reached XP level 7. HP: 31/41 MP: 12/12
  1918 | Ossuary  | Learned a level 5 spell: Fireball
  1935 | Ossuary  | p0werm0de: https://soundcloud.com/katermukke/sets/katermukke-dj-sets
  1941 | Ossuary  | p0werm0de: here 20 + sets!!
  1959 | Ossuary  | p0werm0de: ok more like 50
  1959 | Ossuary  | 4thArraOfDagon: hi1
  1959 | Ossuary  | p0werm0de: enjoy
  1959 | Ossuary  | p0werm0de: :>
  1959 | Ossuary  | 4thArraOfDagon: ahh, love electronic podcasts
  2009 | Ossuary  | Reached * piety under Vehumet
  2009 | Ossuary  | Offered knowledge of Shock by Vehumet.
  2029 | Ossuary  | p0werm0de: your legs, your ass, your tits.... I CANNOT SLEEP
  2040 | Ossuary  | p0werm0de: >:
  2056 | D:6      | p0werm0de: aye its spring again
  2111 | D:6      | Reached skill level 5 in Conjurations
  2148 | D:6      | Reached XP level 8. HP: 43/46 MP: 5/14
  2449 | D:4      | Found a snail-covered altar of Cheibriados.
  2502 | D:3      | Offered knowledge of Throw Frost by Vehumet.
  2599 | D:3      | Noticed Grinder
  2607 | D:3      | Killed Grinder
  2607 | D:3      | Reached ** piety under Vehumet
  2666 | D:3      | Noticed Robin
  2702 | D:3      | Killed Robin
  2860 | D:4      | Found a blossoming altar of Fedhas.
  2903 | D:4      | Noticed Menkaure
  2909 | D:4      | Killed Menkaure
  2925 | D:4      | Found a blossoming altar of Fedhas.
  3193 | D:5      | Reached XP level 9. HP: 35/51 MP: 10/16
  3215 | D:6      | Reached skill level 5 in Spellcasting
  3262 | D:6      | Killed Edmund
  3372 | D:7      | Found a staircase to the Ecumenical Temple.
  3527 | D:7      | Offered knowledge of Searing Ray by Vehumet.
  3712 | D:7      | Reached *** piety under Vehumet
  3758 | D:7      | Found an iron altar of Okawaru.
  3872 | D:8      | Noticed a two-headed ogre
  3885 | D:8      | Killed a two-headed ogre
  3885 | D:8      | Reached XP level 10. HP: 54/56 MP: 16/19
  3902 | D:8      | Found a staircase to the Lair.
  4043 | D:8      | Offered knowledge of Olgreb's Toxic Radiance by Vehumet.
  4164 | D:9      | Found a runed door.
  4167 | D:9      | Noticed a fire dragon
  4169 | D:9      | Noticed an ice dragon
  4171 | D:9      | Found the +2 shield of Resistance {rF+ rC+ MR+}
  4171 | D:9      | Noticed a fire dragon
  4187 | D:9      | Noticed Erica
  4187 | D:9      | Noticed Pikel
  4210 | D:9      | Killed Pikel
  4222 | D:9      | Noticed an ice dragon
  4223 | D:9      | Found a runed door.
  4257 | D:9      | Reached skill level 10 in Fire Magic
  4367 | D:9      | Killed Erica
  4407 | D:9      | Got a twisted scimitar
  4409 | D:9      | Identified the +9 scimitar "Gaapnis" {slice, Fragile Int+5} (You found it on level 9 of the Dungeon)
  4592 | D:9      | Reached skill level 10 in Conjurations
  4710 | D:9      | Reached **** piety under Vehumet
  4823 | D:10     | Entered Level 10 of the Dungeon
  4870 | D:10     | Offered knowledge of Lee's Rapid Deconstruction by Vehumet.
  4886 | D:10     | Learned a level 5 spell: Lee's Rapid Deconstruction
  4949 | D:10     | Reached skill level 1 in Fighting
  5195 | D:10     | Noticed a two-headed ogre
  5203 | D:10     | Killed a two-headed ogre
  5203 | D:10     | Reached XP level 11. HP: 64/64 MP: 19/21
  5489 | D:11     | Noticed a white ugly thing
  5494 | D:11     | Killed a white ugly thing
  5494 | D:11     | Reached skill level 1 in Earth Magic
  5601 | D:11     | Noticed a cyclops
  5625 | D:11     | Killed a cyclops
  5625 | D:11     | Reached ***** piety under Vehumet
  5625 | D:11     | Offered knowledge of Force Lance by Vehumet.
  5649 | D:11     | Found a staircase to the Orcish Mines.
  5952 | D:11     | Noticed a cyclops
  5955 | D:11     | Killed a cyclops
  6005 | D:12     | Noticed Rupert
  6237 | D:12     | Noticed a tengu warrior
  6237 | D:12     | Noticed a tengu warrior
  6242 | D:12     | Killed a tengu warrior
  6244 | D:12     | Killed a tengu warrior
  6943 | D:11     | Found Fafiucwi's Gadget Emporium.
  7094 | D:13     | Reached skill level 5 in Earth Magic
  7094 | D:13     | Reached XP level 12. HP: 75/75 MP: 21/23
  7099 | D:13     | Noticed a two-headed ogre
  7101 | D:13     | Killed a two-headed ogre
  7101 | D:13     | Reached skill level 5 in Dodging
  7176 | D:13     | Noticed a two-headed ogre
  7188 | D:13     | Noticed a two-headed ogre
  7190 | D:13     | Killed a two-headed ogre
  7193 | D:13     | Killed a two-headed ogre
  7193 | D:13     | Reached skill level 5 in Fighting
  7243 | D:13     | Noticed a two-headed ogre
  7255 | D:13     | Killed a two-headed ogre
  7502 | D:13     | Noticed a two-headed ogre
  7513 | D:13     | Killed a two-headed ogre
  7822 | D:14     | Found a gate to the Vaults.
  7822 | D:14     | Noticed a centaur warrior
  7822 | D:14     | Noticed a two-headed ogre
  7858 | D:14     | Noticed a two-headed ogre
  7864 | D:14     | Killed a two-headed ogre
  8257 | D:14     | Noticed a centaur warrior
  8260 | D:14     | Killed a centaur warrior
  8260 | D:14     | Reached XP level 13. HP: 81/81 MP: 18/24
  8447 | D:14     | Offered knowledge of Iron Shot by Vehumet.
  8457 | D:14     | Learned a level 6 spell: Iron Shot
  8566 | D:14     | Noticed Snorg
  8578 | D:14     | Killed Snorg
  8783 | D:14     | Reached skill level 1 in Shields
  9010 | D:14     | Learned a level 1 spell: Apportation
  9428 | D:15     | Entered Level 15 of the Dungeon
  9576 | D:15     | Found a shattered altar of Ashenzari.
  9925 | D:15     | Reached XP level 14. HP: 59/88 MP: 9/26
 10107 | D:15     | Noticed a storm dragon
 10109 | D:15     | Noticed a sphinx
 10233 | D:15     | Found Wiloot's Gadget Boutique.
 11157 | D:9      | Offered knowledge of Bolt of Magma by Vehumet.
 11325 | Orc:1    | Entered Level 1 of the Orcish Mines
 11423 | Orc:2    | Entered Level 2 of the Orcish Mines
 11469 | Orc:2    | NormalPerson7: ahem excuse me
 11474 | Orc:2    | NormalPerson7: shield of resistance sir
 11487 | Orc:2    | NormalPerson7: disallowed i say
 11506 | Orc:2    | NormalPerson7: all i find is the gauntlets of war when i play Op
 11585 | Orc:2    | Found a roughly hewn altar of Beogh.
 11596 | Orc:2    | Found Veac's General Store.
 11602 | Orc:2    | Bought 2 potions of heal wounds for 120 gold pieces
 11631 | Orc:2    | Found a staircase to the Elven Halls.
 11649 | Orc:1    | Noticed Fannar
 11869 | Orc:1    | Found a roughly hewn altar of Beogh.
 11896 | Orc:1    | Found Gimom's Gadget Shop.
 12001 | Orc:1    | Killed Fannar
 12120 | Orc:2    | Noticed Nessos
 12121 | Orc:2    | Noticed an orc warlord
 12157 | Orc:2    | Offered knowledge of Ozocubu's Refrigeration by Vehumet.
 12335 | Orc:2    | Noticed Saint Roka
 12337 | Orc:2    | :O
 12418 | Orc:2    | :(
 12426 | Orc:2    | Found a roughly hewn altar of Beogh.
 12426 | Orc:2    | Found a gateway to a bazaar.
 12432 | Bazaar   | Entered a bazaar
 12434 | Bazaar   | Found Ubol's Antique Weapon Boutique.
 12438 | Bazaar   | Found Vyecaik's Jewellery Boutique.
 12438 | Bazaar   | Found Vuabodif's Armour Boutique.
 12438 | Bazaar   | Found Hais's Weapon Boutique.
 12456 | Bazaar   | Bought an uncursed ring of magical power for 200 gold pieces
 12708 | Orc:2    | Found a roughly hewn altar of Beogh.
 12708 | Orc:2    | Found Saiqul's Book Shoppe.
 12720 | Orc:2    | Bought the Reference Book on Transformation and Dark Rituals for 990 gold pieces
 12727 | Orc:2    | Learned a level 6 spell: Statue Form
 12807 | Orc:2    | Killed Nessos
 12824 | Orc:2    | Reached skill level 1 in Transmutations
 12845 | Orc:2    | Found Caseet's Antique Armour Shop.
 12846 | Orc:2    | Found a roughly hewn altar of Beogh.
 12847 | Orc:2    | Found Yduckog's Antique Weapon Boutique.
 12925 | Orc:2    | Killed an orc warlord
 12925 | Orc:2    | Reached skill level 5 in Shields
 13071 | Lair:1   | Entered Level 1 of the Lair of Beasts
 13701 | Lair:2   | Offered knowledge of Poison Arrow by Vehumet.
 13703 | Lair:2   | Reached skill level 5 in Transmutations
 13745 | Lair:2   | Reached XP level 15. HP: 92/92 MP: 28/28
 14074 | Lair:3   | Found a labyrinth entrance.
 14108 | Lab      | Entered a labyrinth
 14187 | Lab      | Got a pitted shortbow
 14187 | Lab      | Got a clouded glass ring
 14188 | Lab      | Identified the cursed +2 shortbow "Qetuoner" {velocity, Str+4} (You found it in a labyrinth)
 14191 | Lab      | Identified the ring of Baij {AC+4 Str+2 Slay+4 SInv} (You found it in a labyrinth)
 14452 | Lair:3   | Reached skill level 10 in Spellcasting
 14793 | Lair:4   | Found a staircase to the Swamp.
 14895 | Lair:4   | Found a staircase to the Snake Pit.
 15151 | Lair:5   | Found a frozen archway.
 15217 | IceCv    | Entered an ice cave
 15222 | IceCv    | Reached ****** piety under Vehumet
 15232 | IceCv    | Found a transporter.
 15420 | Lair:5   | Offered knowledge of Bolt of Fire by Vehumet.
 15575 | Lair:5   | Learned a level 6 spell: Bolt of Fire
 15611 | Lair:6   | Entered Level 6 of the Lair of Beasts
 16358 | Lair:6   | Offered knowledge of Freezing Cloud by Vehumet.
 16386 | Lair:6   | Found a staircase to the Slime Pits.
 16676 | Elf:1    | Entered Level 1 of the Elven Halls
 16748 | Orc:2    | Learned a level 3 spell: Regeneration
 16836 | Orc:2    | Thaneod: ough
 16890 | Elf:1    | Reached XP level 16. HP: 98/98 MP: 30/30
 17565 | Elf:1    | Noticed Louise
 17584 | Elf:1    | Killed Louise
 18496 | Elf:2    | Found Lilisuj's General Store.
 18546 | Elf:3    | Entered Level 3 of the Elven Halls
 18557 | Elf:3    | Found Micyxtih's Food Boutique.
 18861 | Elf:3    | Found Voqoduen's Book Shop.
 19035 | Orc:2    | Bought a book of Annihilations for 1324 gold pieces
 19334 | Elf:3    | Noticed a deep elf blademaster
 19335 | Elf:3    | Noticed a deep elf blademaster
 19338 | Elf:3    | Killed a deep elf blademaster
 19338 | Elf:3    | Reached XP level 17. HP: 90/103 MP: 32/32
 19339 | Elf:3    | Killed a deep elf blademaster
 19343 | Elf:3    | Reached skill level 15 in Conjurations
 19343 | Elf:3    | Offered knowledge of Shatter by Vehumet.
 19343 | Elf:3    | Offered knowledge of Tornado by Vehumet.
 19343 | Elf:3    | Offered knowledge of Ignition by Vehumet.
 19343 | Elf:3    | Reached skill level 15 in Fire Magic
 19347 | Elf:3    | Noticed a deep elf master archer
 19350 | Elf:3    | Noticed a deep elf master archer
 19350 | Elf:3    | Reached skill level 10 in Shields
 19353 | Elf:3    | Killed a deep elf master archer
 19360 | Elf:3    | Killed a deep elf master archer
 19516 | Elf:3    | Identified Roxanne's Handbook of Shifting Clay
 19526 | Elf:3    | Identified the Compendium of Confrontation and Curses
 19572 | Elf:3    | Got a faintly glowing silver amulet
 19581 | Elf:3    | Found the +10 Black Knight's horse barding {ponderous, rPois rN+}
 19660 | Elf:3    | Identified the +1 mace of Defenestration {speed, rPois} (You found it on level 3 of the Elven Halls)
 19662 | Elf:3    | Identified the amulet "Omiol" {Reflect rN+ SH+3} (You found it on level 3 of the Elven Halls)
 20068 | Swamp:1  | Entered Level 1 of the Swamp
 20088 | Swamp:1  | Noticed Josephine
 20092 | Swamp:1  | Killed Josephine
 20298 | Swamp:1  | Upgraded the game from 0.22-a0-348-gd16d139 to 0.22-a0-351-g29664b4
 20940 | Swamp:3  | Goblin1989: !hs * opfe
 20941 | Swamp:3  | beem: 22693. eld the Pyromancer (L27 OpFE of Vehumet), escaped with the Orb and 15 runes on 2017-11-13 18:50:05, with 32738489 points after 45015 turns and 8:12:26.
 20980 | Swamp:3  | Goblin1989: !hs * opfe -log
 20980 | Swamp:3  | beem: 22693. eld, XL27 OpFE, T:45015: https://webzook.net/soup/morgue/trunk/eld/morgue-eld-20171113-185005.txt
 20980 | Swamp:3  | 4thArraOfDagon: I'm not aiming for that :)
 20980 | Swamp:3  | 4thArraOfDagon: !lg * max=mp x=mp
 20980 | Swamp:3  | beem: 8719106. [mp=151] Charly the Archmage (L27 OpAE of Ashenzari), escaped with the Orb and 15 runes on 2017-12-16 02:27:05, with 10331962 points after 166000 turns and 13:08:56.
 21056 | Swamp:4  | Entered Level 4 of the Swamp
 21056 | Swamp:4  | Noticed Nikola
 21068 | Swamp:4  | Reached XP level 18. HP: 108/108 MP: 34/34
 21087 | Swamp:4  | Noticed Donald
 21089 | Swamp:4  | Killed Donald
 21102 | Swamp:3  | Goblin1989: !lg * max=mp x=mp -log
 21112 | Swamp:3  | beem: 8719107. Charly, XL27 OpAE, T:166000: https://crawl.xtahua.com/crawl/morgue/Charly/morgue-Charly-20171216-022705.txt
 21144 | Swamp:3  | 4thArraOfDagon: and possibly this
 21144 | Swamp:3  | 4thArraOfDagon: !lg * max=zigc x=zigc
 21144 | Swamp:3  | beem: Unknown field: zigc
 21144 | Swamp:3  | Goblin1989: wow
 21144 | Swamp:3  | Goblin1989: 150 mp
 21144 | Swamp:3  | p0werm0de: y0
 21144 | Swamp:3  | Goblin1989: !lg * max=mp x=mp -log
 21144 | Swamp:3  | beem: 8719109. Charly, XL27 OpAE, T:166000: https://crawl.xtahua.com/crawl/morgue/Charly/morgue-Charly-20171216-022705.txt
 21144 | Swamp:3  | p0werm0de: yarr i saw that game
 21144 | Swamp:3  | 4thArraOfDagon: !lg * max=zigscompleted x=zigscompleted
 21144 | Swamp:3  | p0werm0de: wondered why not use spirit
 21144 | Swamp:3  | beem: 8719109. [zigscompleted=103] igooo the Farming Annihilator (L27 DsFE of Gozag), escaped with the Orb and 15 runes on 2018-02-08 13:25:43, with 3001917 points after 1678264 turns and 2d+12:01:27.
 21144 | Swamp:3  | p0werm0de: !lg * max=zigscompleted !won
 21144 | Swamp:3  | Goblin1989: Surprisingly, Dagon who does not want to beat someone's record. :)
 21151 | Swamp:3  | beem: 8649165. Krusk the Invulnerable Farmer (L27 MiMo of Gozag), slain by a reaper (a +2 scythe of venom) (summoned by something's death curse) on Zig:21 on 2017-03-25 06:25:10, with 1879999 points after 3026564 turns and 18d+11:53:02.
 21172 | Swamp:3  | p0werm0de: !lg * max=zigscompleted !won -log
 21172 | Swamp:3  | 4thArraOfDagon: I have to chill sometimes ;)
 21172 | Swamp:3  | beem: 8649165. Krusk, XL27 MiMo, T:3026564: http://crawl.akrasiac.org/rawdata/Krusk/morgue-Krusk-20170325-062510.txt
 21172 | Swamp:3  | Goblin1989: max zigg?
 21201 | Swamp:3  | 4thArraOfDagon: also wtf is this
 21201 | Swamp:3  | p0werm0de: imo max is Piginabag
 21201 | Swamp:3  | 4thArraOfDagon: !won * min=hp x=hp
 21201 | Swamp:3  | Goblin1989: I think this will quickly bore you.
 21277 | Swamp:4  | Noticed Kirke
 21281 | Swamp:4  | Killed Kirke
 21293 | Swamp:4  | beem: * has won 69944 times in 8719112 games (0.80%): 2947xMiBe 2917xMiFi 2103xGrFi 1263xHOFi 1055xDDFi 1030xFoFi 960xSpEn 914xDsGl 855xMiGl 850xDEFE 827xGrBe 735xDsFi 703xTrMo 688xGrEE 662xCeHu 638xVSFi 561xDECj 543xMfGl 527xGrGl 519xDsBe 465xDsWn 464xHOBe 462xHOGl 435xGhMo 409xMiMo 404xDsMo 388xVSBe 382xDrTm 373xKoBe 371xVpEn 370xOgBe 357xOgHu 356xDDBe 338xDEWz 314xDDNe 306xHOMo 304xMfSk 303xNaFi 301...
 21307 | Swamp:4  | Goblin1989: wow
 21308 | Swamp:4  | 4thArraOfDagon: !lg * min=hp x=hp !won
 21315 | Swamp:4  | beem: 8649173. [hp=-10003] Yuichan the Ruinous (L2 HECj), annihilated by a hobgoblin on D:1 on 2010-03-17 10:08:19, with 42 points after 739 turns and 0:29:05.
 21317 | Swamp:4  | p0werm0de: !greaterorbrun 4thArraOfDagon
 21317 | Swamp:4  | beem: 4thArraOfDagon has not completed a greater orb run
 21320 | Swamp:4  | p0werm0de: !
 21320 | Swamp:4  | 4thArraOfDagon: ah
 21320 | Swamp:4  | p0werm0de: there you got a task
 21467 | Swamp:4  | Goblin1989: Krusk means dead. Saw a couple of times as he played this minotaur.
 21504 | Swamp:4  | Learned a level 9 spell: Fire Storm
 21507 | Swamp:4  | Goblin1989: Time: 18 , 11:53:06
 21523 | Swamp:4  | Goblin1989: lol
 21555 | Swamp:4  | p0werm0de: !lg . max=zigscompleted !won -log
 21557 | Swamp:4  | beem: 12157. p0werm0de, XL27 DsWn, T:144166: https://crawl.xtahua.com/crawl/morgue/p0werm0de/morgue-p0werm0de-20180304-225942.txt
 21595 | Swamp:4  | Goblin1989: !lg . max=zigscompleted !won -log
 21595 | Swamp:4  | beem: 2400. Goblin1989, XL27 DDEE, T:126758: https://crawl.xtahua.com/crawl/morgue/Goblin1989/morgue-Goblin1989-20170204-032405.txt
 21606 | Swamp:4  | p0werm0de: !lg . max=zigscompleted -log
 21615 | Swamp:4  | beem: 12415. P0WERM0DE, XL27 DsCj, T:214422: https://underhound.eu/crawl/morgue/P0WERM0DE/morgue-P0WERM0DE-20160501-213333.txt
 21641 | Swamp:4  | p0werm0de: ye 11 my highest
 21662 | Swamp:4  | p0werm0de: i actuall got bored there
 21680 | Swamp:4  | 4thArraOfDagon: oh, was it even hard
 21680 | Swamp:4  | 4thArraOfDagon: or just boring
 21683 | Swamp:4  | p0werm0de: !lg 4tharraofdagon max=zigscompleted -log
 21685 | Swamp:4  | beem: 14483. 4thArraOfDagon, XL27 BaFE, T:45733: https://crawl.xtahua.com/crawl/morgue/4thArraOfDagon/morgue-4thArraOfDagon-20180131-180524.txt
 21703 | Swamp:4  | p0werm0de: yea def had some tough spots
 21741 | Swamp:4  | p0werm0de: it was in 017 i think i didnt know game so well as now
 21805 | Swamp:4  | p0werm0de: ok no this is 018
 21823 | Swamp:4  | Killed Nikola
 21915 | Swamp:4  | Noticed the 27-headed Lernaean hydra
 21959 | Swamp:4  | Identified the +5 buckler "Xaemp" {rF- Dex+5 Stlth+} (You found it on level 4 of the Swamp)
 21977 | Swamp:4  | Killed the 27-headed Lernaean hydra
 21987 | Swamp:4  | Got a decaying rune of Zot
 22107 | Lair:4   | Goblin1989: !lg p0werm0de -log
 22107 | Lair:4   | beem: 12415. p0werm0de, XL21 DDFi, T:21415: https://crawl.xtahua.com/crawl/morgue/p0werm0de/morgue-p0werm0de-20180411-200849.txt
 22133 | Snake:1  | Entered Level 1 of the Snake Pit
 22151 | Snake:1  | Goblin1989: The game lasted 00:35:10 (21415 turns).
 22164 | Snake:1  | Goblin1989: hm
 22169 | Snake:1  | Found Bimuhut's Magic Scroll Shoppe.
 22201 | Snake:1  | Bought a scroll of teleportation for 51 gold pieces
 22201 | Snake:1  | Bought a scroll of acquirement for 884 gold pieces
 22211 | Snake:1  | p0werm0de: ye this was another xom-makhleb speedrun !!
 22273 | Snake:1  | p0werm0de: m - the +3 shield "Vomyteam" (worn) {rPois MR+} (Xom gifted it to you on level 8 of the Dungeon)
 22282 | Snake:1  | p0werm0de: VOMYTEAM!!
 22291 | Snake:1  | p0werm0de: ;P
 22306 | Snake:1  | p0werm0de: https://i.imgur.com/j4KVQbh.gifv
 22584 | Snake:2  | Found Ilioprec's Food Shoppe.
 22589 | Snake:2  | Found Kainkeit's Weapon Emporium.
 23046 | Snake:2  | p0werm0de: https://imgur.com/gallery/naIQB
 23061 | Snake:2  | p0werm0de: ;P
 23099 | Snake:2  | Reached XP level 19. HP: 110/113 MP: 33/35
 24168 | Snake:4  | Entered Level 4 of the Snake Pit
 24374 | Snake:4  | p0werm0de: suprh0k
 24476 | Snake:4  | Goblin1989: !lg . max=ev !won
 24482 | Snake:4  | beem: 2400. Goblin1989 the Eviscerator (L22 FeMo of Dithmenos), blasted by Jorgrun (Shatter) on Vaults:5 (vaults_vault) on 2017-04-06 05:58:48, with 400584 points after 79075 turns and 10:05:49.
 24521 | Snake:4  | Goblin1989: !lg * max=ev !won
 24563 | Snake:4  | beem: 8649218. doy the Conqueror (L27 OpMo of Cheibriados), blasted by a Brimstone Fiend (blast of hellfire) in Pandemonium (evilmike_cerebov_lava) on 2015-04-13 11:20:15, with 1073968 points after 115873 turns and 11:47:33.
 24593 | Snake:4  | Identified the +5 spear "Ox" {drain, +Fly rPois rN++ Str-4} (You found it on level 4 of the Snake Pit)
 24604 | Snake:4  | Goblin1989: !lg * max=ev !won -log
 24625 | Snake:4  | beem: 8649222. doy, XL27 OpMo, T:115873: http://crawl.akrasiac.org/rawdata/doy/morgue-doy-20150413-112015.txt
 24645 | Snake:4  | Goblin1989: !lg * max=ac !won -log
 24657 | Snake:4  | beem: 8649222. kroki, XL27 MfDK, T:77805: http://dobrazupa.org/morgue/kroki/morgue-kroki-20141104-112421.txt
 24758 | Snake:4  | Goblin1989: wtf???
 24762 | Snake:4  | Found a blossoming altar of Fedhas.
 24782 | Snake:4  | Goblin1989: AC: 219
 24895 | Snake:4  | Noticed Bai Suzhen
 24905 | Snake:4  | Rhok: someone tell this d0wg to shut up
 24911 | Snake:4  | Rhok: or shoot my neighbours I dont care
 24911 | Snake:4  | Killed Bai Suzhen
 24941 | Snake:4  | p0werm0de: deal with it yourself,thx
 24946 | Snake:4  | p0werm0de: also, send sisters number
 24953 | Snake:4  | Rhok: O o
 24959 | Snake:4  | Rhok: I DONT HAVE
 24966 | Snake:4  | Rhok: AGAIN
 25000 | Snake:4  | p0werm0de: :(
 25208 | Snake:4  | p0werm0de: he has ring of +100 prot
 25220 | Snake:4  | p0werm0de: x2
 25225 | Snake:4  | p0werm0de: strange
 25339 | Snake:4  | Reached XP level 20. HP: 119/119 MP: 36/37
 25345 | Snake:4  | Rhok: +100 proteins
 25345 | Snake:4  | Rhok: thats good
 25686 | Snake:4  | Got a serpentine rune of Zot
 25916 | Slime:1  | Entered Level 1 of the Pits of Slime
 26153 | Slime:4  | Noticed Dissolution
 26165 | Slime:3  | Gained mutation: You are dopey. (Int -2) [mutagenic glow]
 26203 | Slime:3  | Gained mutation: Your muscles are strong. (Str +2) [potion of mutation]
 26203 | Slime:3  | Gained mutation: You are partially covered in thin metallic scales. (AC +2) [potion of mutation]
 26203 | Slime:3  | Gained mutation: You are resistant to hostile enchantments. (MR+) [potion of mutation]
 26258 | Slime:4  | Killed Dissolution
 26531 | Slime:4  | Lost mutation: Your muscles are strong. (Str +2) [a shining eye]
 26760 | Slime:5  | Entered Level 5 of the Pits of Slime
 26780 | Slime:5  | Reached XP level 21. HP: 83/124 MP: 8/39
 26973 | Slime:5  | Found a viscous altar of Jiyva.
 27017 | Slime:5  | Noticed the Royal Jelly
 27020 | Slime:5  | Killed the Royal Jelly
 27170 | Slime:5  | Got a slimy rune of Zot
 27172 | Slime:5  | Identified the ring "Nemorous" {*Drain rF+++ rN+++ AC+1 Str-3} (You found it on level 5 of the Pits of Slime)
 27177 | Slime:5  | Goblin1989: WOW!!!
 27178 | Slime:5  | 4thArraOfDagon: ac+1!!!
 27178 | Slime:5  | Goblin1989: RF+++ RN+++ AC+1....
 27192 | Slime:5  | p0werm0de: nice
 27287 | Lair:6   | Goblin1989: rf+++ rn+++!!!
 27399 | D:8      | Goblin1989: :)
 27540 | D:15     | Found a staircase to the Depths.
 27568 | Depths:1 | Entered Level 1 of the Depths
 27758 | Depths:1 | Rhok: whats that, some artefact?
 27852 | Depths:1 | Found a gateway to Hell.
 27911 | Depths:1 | Found a deep blue altar of Sif Muna.
 27959 | Depths:1 | Identified the Almanac of the Entourage
 28074 | Depths:2 | Rhok: &dump $p
 28077 | Depths:2 | beem: http://CRAWL.XTAHUA.COM/crawl/morgue/4thArraOfDagon/4thArraOfDagon.txt
 28108 | Depths:2 | Reached XP level 22. HP: 128/129 MP: 28/40
 28166 | Depths:2 | Found a gateway to a ziggurat.
 28271 | Depths:2 | Found a one-way gate to the infinite horrors of the Abyss.
 28446 | Depths:2 | Rhok: t
 28559 | Depths:3 | Noticed Margery
 28561 | Depths:3 | Killed Margery
 28617 | Depths:2 | You fall through a shaft!
 28618 | Depths:3 | :O
 28676 | Depths:4 | Reached skill level 15 in Spellcasting
 29005 | Depths:3 | Noticed Frederick
 29140 | Depths:3 | Killed Frederick
 29154 | Depths:3 | Reached XP level 23. HP: 88/135 MP: 34/42
 29455 | Depths:3 | Goblin1989: !lg * max=ac -log
 29466 | Depths:3 | beem: 8719222. Happylisk, XL27 GrNe, T:78272: http://dobrazupa.org/morgue/Happylisk/morgue-Happylisk-20150322-153903.txt
 29508 | Depths:3 | Goblin1989: AC: 438
 29580 | Depths:3 | Goblin1989: SH: 364
 29883 | Depths:3 | Found a one-way gate leading to the halls of Pandemonium.
 30032 | Depths:5 | Entered Level 5 of the Depths
 30436 | Depths:4 | Reached skill level 15 in Shields
 31059 | Depths:4 | :O
 31748 | Vaults:1 | Entered Level 1 of the Vaults
 31772 | Vaults:1 | Reached XP level 24. HP: 130/140 MP: 44/44
 31866 | Vaults:1 | Found a magical portal.
 31871 | WizLab   | Entered Zonguldrok's Shrine
 32097 | WizLab   | Noticed an antique lich
 32102 | WizLab   | Killed an antique lich
 32135 | WizLab   | Found the +9 sword of Zonguldrok {reap}
 32189 | Vaults:1 | Learned a level 9 spell: Glaciate
 32284 | Vaults:1 | Reached skill level 1 in Ice Magic
 32514 | Vaults:2 | Reached skill level 5 in Ice Magic
 32886 | Vaults:3 | Noticed Fingolfin's ghost (adept TrFi)
 32898 | Vaults:3 | Killed Fingolfin's ghost
 32899 | Vaults:3 | rip bud
 33358 | Vaults:4 | Reached XP level 25. HP: 144/144 MP: 45/45
 33358 | Vaults:4 | Reached skill level 10 in Ice Magic
 33797 | Vaults:5 | Entered Level 5 of the Vaults
 33820 | Vaults:5 | Noticed an ancient lich
 33823 | Vaults:5 | Killed an ancient lich
 33905 | Vaults:5 | Killed from afar by a titan

Vault maps used:
D:1:      erik_arrival_triangle_small, minmay_misc_feat_roman,
          minmay_crystal_room, feat_on_display
D:3:      uniq_ijyb, uniq_robin, uniq_grinder
D:4:      minitemple, nicolae_ru_path_of_blood, grunt_temple_overflow_open,
          fedhas_altar_2, uniq_menkaure
D:5:      serial_shops, shop, first_ration, minivault_23
D:6:      enter_ossuary_2, uniq_edmund
D:7:      temple_pool_b, grunt_livestock, kennysheep_okawaru_gauntlet
D:8:      minmay_lair_entry_lava
D:9:      minmay_guarded_unrand_resistance, uniq_erica, uniq_pikel
D:10:     serial_undead, serial_undead_d, serial_undead_d, serial_undead_a,
          serial_undead_c
D:11:     hangedman_cross_stitches, david_orc_3, serial_shops, kennysheep_mini,
          mrwooster_statue_mirror
D:12:     minmay_expanding_circles, stair_cage_cross, spider_trap, uniq_rupert
D:14:     david_vaults_3, nicolae_sextant, uniq_snorg
D:15:     grunt_enter_depths_hoard, evilmike_ruin_ashenzari, serial_shops, shop,
          minmay_radiant
Lair:2:   st_stairs_3, grunt_megastairs_4, lemuel_fruit_fields
Lair:3:   lab_entry_generic, nicolae_quartered_pool_super,
          hangedman_lair_unloving_vines, patterned_corridor,
          infiniplex_staircase_pool
Lair:4:   swamp_mist_pool, minmay_snake_entry_six_corridors
Lair:5:   portal_ice_cave_entry_animals_and_master
Lair:6:   gammafunk_lair_ancient_temple, nicolae_slime_entry_slimehenge,
          minivault_26, lookout_lair_type
Swamp:1:  hangedman_swamp_blocks, uniq_josephine
Swamp:2:  evilmike_swamp_ruin_wall
Swamp:3:  serial_swamp_ruin, evilmike_swamp_ruin_rubble_1,
          evilmike_swamp_ruin_house_4
Swamp:4:  grunt_swamp_rune_castle, uniq_donald, uniq_nikola, uniq_kirke
Snake:1:  serial_shops, shop
Snake:2:  minmay_shoptagon
Snake:3:  guppyfry_library_mini, uniq_aizul, uniq_jorgrun
Snake:4:  snake_pit, basic_altar, uniq_bai_suzhen
Slime:1:  cheibrodos_slime_lost_civilization_7
Slime:4:  cheibrodos_slime_lost_civilization_2, uniq_dissolution
Orc:1:    nicolae_orc_accident_2, serial_shops, shop, nicolae_orc_crystal_geode,
          uniq_fannar
Orc:2:    grunt_orc_community_town_hall, grunt_orc_community_big_house_2,
          grunt_orc_community_big_house_1, grunt_orc_community_house_2,
          grunt_orc_community_house_1, grunt_orc_community_house_3,
          grunt_orc_community_house_2, serial_shops, bzr_entry_gold, uniq_nessos
Elf:1:    elf_arrival_002, kennysheep_underground_church, uniq_louise
Elf:2:    serial_shops, shop, spider_trap, moated_statue, uniq_roxanne
Elf:3:    elf_hall, serial_corexii_hall, corexii_hall_statues_t,
          corexii_hall_statues_i, corexii_hall_statues_t,
          corexii_hall_statues_deadend, serial_shops, nicolae_shop_trees,
          nicolae_shop_waterfront, grunt_ministairs_9, kilobyte_rumbling_trees
Vaults:1: v_alt_pattern_4, nicolae_vaults_little_squares_6,
          nicolae_vaults_rhombus_5, nicolae_vaults_fighting_squares,
          nicolae_vaults_circle_grid_a, vaults_room_fours,
          nicolae_vaults_network_periphery, ontoclasm_vaults_decontamination,
          grunt_vaults_diagonal, grunt_vaults_swirl,
          ontoclasm_vaults_ring_large, grunt_vaults_bifocal,
          ontoclasm_vaults_chip, nicolae_vaults_network_square,
          nicolae_vaults_little_squares_5, grunt_vaults_hallway_short,
          mu_enter_wizlab_1, uniq_saint_roka
Vaults:2: hangedman_vaults_maws, vaults_mumra_minichess,
          hangedman_vaults_impose, nicolae_vaults_ninety_degrees,
          minmay_crypt_entry_necro_gods, vaults_standard_mumra_lines,
          nicolae_vaults_twisting_passages, v_alt_pattern_2,
          ontoclasm_vaults_loading_screen, serial_shops,
          nicolae_shop_statue_plus
Vaults:3: vaults_room_pools, vaults_room_door_ring, v_misc_2,
          nicolae_vaults_back_hallway, nicolae_vaults_network_barrier,
          nicolae_vaults_circle_grid_a, ontoclasm_vaults_chip,
          nicolae_vaults_murderbox, vaults_room_ringed_pool
Vaults:4: nicolae_vaults_what_the_h, dpeg_vaults_pockets_of_resistance,
          v_misc_4, hangedman_vaults_nodes, hangedman_vaults_corner_blocks,
          nicolae_vaults_border_crossing, grunt_vaults_hallway_short, v_rooms_2,
          serial_ice_g, grunt_vaults_hallway_short
Depths:1: serial_sigils, serial_sigils_hangedman_gnaw,
          serial_sigils_hangedman_snap, serial_sigils_hangedman_quiver,
          serial_sigils_hangedman_quiver, serial_sigils_hangedman_gut,
          serial_sigils_hangedman_clutch, abyss_entry_crystal, hell_entry,
          minmay_misc_feat_columns, hangedman_summoners_spam
Depths:2: minmay_tri_box, enter_ziggurat_b, moated_statue, hell_entry,
          abyss_entry, serial_sigils_hangedman_writhe
Depths:3: lemuel_castle_with_subvaults, hell_entry, rand_demon_pan_entry_5,
          solitary_fountain, infiniplex_staircase_x, uniq_frederick,
          uniq_margery
Depths:4: minmay_skeletal_surprise, pan_entry, grunt_hell_horde,
          columned_hall_lemuel, abyss_entry
Depths:5: evilmike_zot_entry_hall, pf_hell_entry_tar_spiral, abyss_entry,
          chequers_big_river
Lab:      labyrinth_lava_lair, nicolae_lab_x, nicolae_lab_very_dead_end,
          nicolae_lab_t_cross, nicolae_lab_swirl, nicolae_lab_flowing_pool
Bazaar:   bazaar_minmay_cross
Ossuary:  ossuary_tomb_2
IceCv:    ice_cave_statue_garden_teleport
WizLab:   wizlab_zonguldrok

Skill      XL: |  1  2  3  4  5  6  7  8  9 10 11 12 13 14 15 16 17 18 19 20 21 22 23 24 25 |
---------------+----------------------------------------------------------------------------+-----
Conjurations   | 2 3 4 5 7 9 10 11 12 13 14 15 16 17 18 19 20 21 | 21.0
Fire Magic     | 4 5 6 7 9 10 11 12 13 14 15 16 17 18 19 20 21 | 21.0
Spellcasting   | 3 4 6 7 8 9 10 11 12 13 14 15 17 18 19 | 19.3
Fighting       | 1 4 5 |  5.0
Dodging        | 4 6 |  6.1
Earth Magic    | 5 9 |  9.9
Shields        | 4 6 8 9 10 11 12 13 14 15 | 15.0
Transmutations | 5 9 |  9.4
Ice Magic      | 9 13 | 13.3
Stealth        | |  2.6

Action                   |  1- 3 |  4- 6 |  7- 9 | 10-12 | 13-15 | 16-18 | 19-21 | 22-24 | 25-27 || total
-------------------------+-------+-------+-------+-------+-------+-------+-------+-------+-------++-------
Melee: Spear             |     4 |     4 |    40 |       |       |       |       |       |       ||    48
       Constrict         |     2 |     3 |    33 |    26 |    31 |     9 |       |     4 |       ||   108
       Unarmed           |     5 |     4 |       |       |       |       |       |       |       ||     9
       Tentacles         |     1 |     4 |    11 |    12 |    29 |     7 |       |     3 |       ||    67
       War axe           |       |       |    23 |       |       |       |       |       |       ||    23
       Flail             |       |       |    19 |     7 |       |       |       |       |       ||    26
       Scimitar          |       |       |       |    73 |   144 |     8 |       |       |       ||   225
       Staff             |       |       |       |       |       |    39 |     3 |    24 |     1 ||    67
Throw: Javelin           |    15 |     5 |     4 |     4 |       |       |       |       |       ||    28
       Throwing net      |       |       |       |       |       |     1 |       |       |       ||     1
 Cast: Flame Tongue      |    42 |    25 |   115 |   130 |   140 |     1 |       |       |       ||   453
       Sticky Flame      |       |     7 |    29 |    42 |    67 |     6 |       |       |       ||   151
       Conjure Flame     |       |     5 |    14 |    24 |     7 |       |       |       |       ||    50
       Fireball          |       |       |    14 |    70 |   247 |   218 |   108 |    11 |       ||   668
       Lee's Rapid Decon |       |       |       |       |    61 |    52 |    30 |    45 |     2 ||   190
       Iron Shot         |       |       |       |       |    16 |       |       |       |       ||    16
       Bolt of Fire      |       |       |       |       |    15 |   130 |   205 |   107 |    18 ||   475
       Regeneration      |       |       |       |       |     6 |     4 |     7 |     6 |     4 ||    27
       Statue Form       |       |       |       |       |     2 |    14 |    10 |       |     2 ||    28
       Fire Storm        |       |       |       |       |       |       |    47 |   223 |    35 ||   305
       Glaciate          |       |       |       |       |       |       |       |       |     5 ||     5
Evoke: Wand              |       |     2 |       |     5 |    16 |     7 |     9 |     5 |     6 ||    50
       Sack of spiders   |       |       |       |       |     3 |       |       |       |       ||     3
       Lamp of fire      |       |       |       |       |     1 |     1 |       |       |       ||     2
       Box of beasts     |       |       |       |       |       |     1 |       |       |       ||     1
  Use: Scroll            |     2 |     7 |     4 |     6 |    20 |    18 |    13 |     7 |     8 ||    85
       Potion            |     1 |     4 |     3 |     1 |     4 |       |     7 |     2 |     3 ||    25
 Stab: Sleeping          |     2 |     1 |     2 |     1 |     3 |       |       |       |       ||     9
       Distracted        |       |       |       |     2 |       |       |       |       |       ||     2
       Paralysed         |       |       |       |       |    10 |       |       |       |       ||    10
  Eat: Chunk             |     1 |     4 |     8 |    23 |    89 |    73 |    39 |   144 |    13 ||   394
       Ration            |       |       |     3 |     2 |     3 |       |    16 |     5 |     1 ||    30
Armor: Skin              |     1 |     1 |    16 |    11 |    33 |    63 |    39 |     6 |    14 ||   184
Dodge: Dodged            |    17 |    23 |    48 |   102 |   131 |    65 |    56 |    70 |    25 ||   537
Block: Buckler           |       |       |       |       |     8 |       |       |       |       ||     8
       Shield            |       |       |       |       |   103 |    83 |    66 |    80 |    34 ||   366
       Rpst.: Scimitar   |       |       |       |    20 |    31 |     2 |       |       |       ||    53

Table legend:
 A = Spawn XP
 B = Non-spawn XP
 C = Spawn XP percentage of total XP
 D = Spawn monster count
 E = Non-spawn monster count
 F = Spawn count percentage of total count
 G = Total turns spent on level
                    A         B        C        D         E        F      G
               +---------+---------+-------+---------+---------+-------+---------
         Total |       0 | 1068228 |   0.0 |       0 |    2030 |   0.0 | 33905
               +---------+---------+-------+---------+---------+-------+---------
           D:1 |       0 |      16 |   0.0 |       0 |      10 |   0.0 |   537
           D:2 |       0 |      54 |   0.0 |       0 |      19 |   0.0 |   453
           D:3 |       0 |     540 |   0.0 |       0 |      49 |   0.0 |   826
           D:4 |       0 |     529 |   0.0 |       0 |       9 |   0.0 |   563
           D:5 |       0 |     322 |   0.0 |       0 |       9 |   0.0 |   267
           D:6 |       0 |    1076 |   0.0 |       0 |      23 |   0.0 |   477
           D:7 |       0 |    1325 |   0.0 |       0 |      28 |   0.0 |   413
           D:8 |       0 |    1848 |   0.0 |       0 |      14 |   0.0 |   532
           D:9 |       0 |    6215 |   0.0 |       0 |      31 |   0.0 |  1324
          D:10 |       0 |    3472 |   0.0 |       0 |      28 |   0.0 |   683
          D:11 |       0 |    2818 |   0.0 |       0 |      22 |   0.0 |  1061
          D:12 |       0 |    3425 |   0.0 |       0 |      12 |   0.0 |   784
          D:13 |       0 |    7649 |   0.0 |       0 |      21 |   0.0 |   952
          D:14 |       0 |   22164 |   0.0 |       0 |      77 |   0.0 |  2061
          D:15 |       0 |   12945 |   0.0 |       0 |      24 |   0.0 |   732
        Lair:1 |       0 |    7146 |   0.0 |       0 |      39 |   0.0 |   461
        Lair:2 |       0 |    5967 |   0.0 |       0 |      27 |   0.0 |   590
        Lair:3 |       0 |    2040 |   0.0 |       0 |      10 |   0.0 |   422
        Lair:4 |       0 |    8558 |   0.0 |       0 |      45 |   0.0 |   641
        Lair:5 |       0 |    4254 |   0.0 |       0 |      17 |   0.0 |   631
        Lair:6 |       0 |   17014 |   0.0 |       0 |      59 |   0.0 |   768
       Swamp:1 |       0 |   10609 |   0.0 |       0 |      29 |   0.0 |   381
       Swamp:2 |       0 |   11157 |   0.0 |       0 |      39 |   0.0 |   426
       Swamp:3 |       0 |    8529 |   0.0 |       0 |      22 |   0.0 |   503
       Swamp:4 |       0 |   45272 |   0.0 |       0 |      63 |   0.0 |   728
       Snake:1 |       0 |   12713 |   0.0 |       0 |      32 |   0.0 |   511
       Snake:2 |       0 |   18079 |   0.0 |       0 |      33 |   0.0 |   778
       Snake:3 |       0 |   20755 |   0.0 |       0 |      50 |   0.0 |   921
       Snake:4 |       0 |   79919 |   0.0 |       0 |     118 |   0.0 |  1507
       Slime:1 |       0 |    4754 |   0.0 |       0 |      10 |   0.0 |   124
       Slime:2 |       0 |    8928 |   0.0 |       0 |      19 |   0.0 |   142
       Slime:3 |       0 |   12531 |   0.0 |       0 |      13 |   0.0 |   426
       Slime:4 |       0 |   34752 |   0.0 |       0 |      49 |   0.0 |   289
       Slime:5 |       0 |   38906 |   0.0 |       0 |      27 |   0.0 |   389
         Orc:1 |       0 |    4055 |   0.0 |       0 |      43 |   0.0 |   731
         Orc:2 |       0 |   11708 |   0.0 |       0 |      95 |   0.0 |  1174
         Elf:1 |       0 |   21148 |   0.0 |       0 |      33 |   0.0 |  1240
         Elf:2 |       0 |   15975 |   0.0 |       0 |      24 |   0.0 |   653
         Elf:3 |       0 |   49953 |   0.0 |       0 |      49 |   0.0 |  1028
      Vaults:1 |       0 |   17306 |   0.0 |       0 |      35 |   0.0 |   291
      Vaults:2 |       0 |   42743 |   0.0 |       0 |      64 |   0.0 |   350
      Vaults:3 |       0 |   42270 |   0.0 |       0 |      64 |   0.0 |   528
      Vaults:4 |       0 |   68375 |   0.0 |       0 |      88 |   0.0 |   573
      Vaults:5 |       0 |   55616 |   0.0 |       0 |      38 |   0.0 |   108
      Depths:1 |       0 |   62883 |   0.0 |       0 |      77 |   0.0 |   530
      Depths:2 |       0 |   31789 |   0.0 |       0 |      31 |   0.0 |   532
      Depths:3 |       0 |   98706 |   0.0 |       0 |     107 |   0.0 |  1428
      Depths:4 |       0 |   46706 |   0.0 |       0 |      63 |   0.0 |   727
      Depths:5 |       0 |   59210 |   0.0 |       0 |      69 |   0.0 |   867
           Lab |       0 |    1208 |   0.0 |       0 |       1 |   0.0 |   119
       Ossuary |       0 |     301 |   0.0 |       0 |      29 |   0.0 |   235
         IceCv |       0 |    2814 |   0.0 |       0 |      10 |   0.0 |   147
        WizLab |       0 |   19181 |   0.0 |       0 |      33 |   0.0 |   307
               +---------+---------+-------+---------+---------+-------+---------
